 Dungeon Crawl Stone Soup version 0.31-a0-102-g33a4ccc0cb (webtiles) character file.

Game seed: 12923936448065934769

10458 night the Grappler (level 11, -2/79 HPs)
             Began as a Troll Summoner on May 24, 2023.
             Was a Believer of Hepliaklqana.
             Slain by a small abomination (16 damage)
             ... on level 1 of the Abyss on May 26, 2023.
             The game lasted 00:37:16 (9489 turns).

night the Grappler (Troll Summoner)                 Turns: 9489, Time: 00:37:16

Health: -2/79      AC: 11    Str: 18    XL:     11   Next: 36%
Magic:  20/20      EV: 12    Int: 15    God:    Hepliaklqana [**....]
Gold:   857        SH: 11    Dex: 10    Spells: 10/23 levels left

rFire   . .          .
                       - Unarmed
rCold   . . .        s - +0 kite shield
rNeg    . . .        M - +0 troll leather armour
rPois   .            (helmet restricted)
rElec   .            H - +0 cloak {rCorr}
rCorr   +            (gloves unavailable)
SInv    .            (boots unavailable)
Will    .....        G - amulet of reflection
Stlth   +            F - +5 ring of evasion
HPRegen 1.93/turn    y - +4 ring of protection
MPRegen 0.17/turn

%: reflection
@: about to teleport
A: reduced essence, large, unfitting armour, claws 3, regeneration 1, shaggy fur
1, tough skin 1
a: Renounce Religion, Recall Ancestor, Ancestor Identity


You were on level 1 of the Abyss.
You worshipped Hepliaklqana.
Hepliaklqana was pleased with you.
You visited 2 branches of the dungeon, and saw 11 of its levels.
You visited the Abyss 1 time.
You also visited: Bailey.

You collected 2081 gold pieces.
You spent 1224 gold pieces at shops.

Inventory:

Hand Weapons
 r - the +6 mace of Miboteokk {drain, rN+ rCorr SInv}
   (You found it on level 3 of the Dungeon)

   rN:        It protects you from negative energy.
   SInv:      It lets you see invisible.
   rCorr:     It protects you from acid and corrosion.
Missiles
 c - 67 stones
 v - 8 poisoned darts
 E - 4 boomerangs of dispersal
 N - a curare-tipped dart
 O - 4 large rocks
Armour
 a - a +0 robe
 g - +0 steam dragon scales
 s - a +0 kite shield (worn)
 H - a +0 cloak of preservation (worn)
 M - a +0 troll leather armour (worn)
Jewellery
 j - a ring of protection from fire
 o - a ring of protection from cold
 t - a ring of positive energy
 y - a +4 ring of protection (right claw)
 F - a +5 ring of evasion (left claw)
 G - an amulet of reflection (around neck)
Wands
 m - a wand of digging (3)
 p - a wand of roots (7)
 B - a wand of flame (2)
 C - a wand of charming (24)
Scrolls
 d - 2 scrolls of fog
 h - a scroll of brand weapon
 k - 3 scrolls of amnesia
 u - 4 scrolls of enchant armour
 w - 2 scrolls of vulnerability
 x - a scroll of teleportation
 I - a scroll of noise
 K - a scroll of fear
 L - a scroll of butterflies
Potions
 b - a potion of magic
 e - 4 potions of curing
 f - 5 potions of attraction
 i - 5 potions of brilliance
 l - 4 potions of lignification {unknown}
 n - a potion of might
 q - a potion of enlightenment
 z - a potion of haste {unknown}
 A - a potion of mutation {unknown}
 D - 2 potions of heal wounds


   Skills:
 - Level 1.5 Dodging
 - Level 1.0 Stealth
 + Level 10.4 Unarmed Combat
 + Level 6.7 Spellcasting
 + Level 1.4 Hexes
 - Level 8.2 Summonings
 + Level 1.5 Poison Magic
 + Level 1.3 Invocations


You had 10 spell levels left.
You knew the following spells:

 Your Spells              Type           Power      Damage    Failure   Level
a - Summon Small Mammal   Summ           100%       N/A       1%          1
b - Call Imp              Summ           58%        N/A       2%          2
c - Call Canine Familiar  Summ           29%        N/A       4%          3
d - Summon Guardian Gole  Hex/Summ       17%        N/A       28%         3
e - Olgreb's Toxic Radia  Pois           9%         N/A       95%         4

Your spell library contained the following spells:

 Spells                   Type           Power      Damage    Failure   Level
 Sting                    Tmut/Pois      16%        1d3       45%         1
 Blink                    Tloc           10%        N/A       58%         2
 Lesser Beckoning         Tloc           10%        N/A       58%         2
 Sublimation of Blood     Necr           5%         N/A       58%         2
 Poisonous Vapours        Pois/Air       8%         N/A       61%         2
 Momentum Strike          Conj/Tloc      4%         3d8       71%         2
 Summon Lightning Spire   Summ/Air       14%        N/A       78%         4
 Portal Projectile        Hex/Tloc       8%         N/A       85%         3
 Ignite Poison            Fire/Tmut/Pois 3%         N/A       88%         3
 Leda's Liquefaction      Hex/Erth       2%         N/A       99%         4
 Petrify                  Tmut/Erth      2%         N/A       100%        4
 Sticky Flame             Conj/Fire      2%         2d3       100%        4
 Irradiate                Conj/Tmut      1%         3d12      100%        5
 Ignition                 Fire           2%         3d3       100%        8


Dungeon Overview and Level Annotations

Branches:
Dungeon (10/15)            Temple (1/1) D:6            Lair (0/5) D:8
 Bailey (visited)
    Orc: D:9-12

Altars:
Ashenzari
Cheibriados
Dithmenos
Elyvilon
Gozag
Hepliaklqana
Kikubaaqudgha
Nemelex Xobeh
Okawaru
Qazlal
Ru
Sif Muna
Trog
Uskayaw
Wu Jian
Xom
Zin
The Shining One

Shops:
D:3 ===*   D:5 [

Annotations:
D:8 1 runed translucent door, pk666's ghost, novice DEFE
D:10 Erolcha


Innate Abilities, Weirdness & Mutations

Your life essence is reduced to manifest your ancestor. (-10% HP)
You are too large for most types of armour.
You have claws for hands.
Your natural rate of healing is unusually fast.
You are covered in fur. (AC +1)
You have tough skin. (AC +1)


Message History

Unknown command.
As you read the scroll labelled HANUHIORRI, it crumbles to dust.
You assume a fearsome visage.
The small abomination is unaffected.
The red draconian scorcher looks frightened!
It was a scroll of fear.
Meatball barely misses the red draconian scorcher.
The small abomination misses Meatball.
A large abomination comes into view.
The orange demon screeches!
The small abomination is engulfed in blazing flames.
Meatball hits the small abomination with a +0 quarterstaff!
The small abomination hits Meatball!!
Meatball is destroyed!
The efreet gestures at you. The bolt of fire hits you!!
* * * LOW HITPOINT WARNING * * *
The efreet gestures at you. The bolt of fire misses you.
As you read the scroll of teleportation, it crumbles to dust.
You feel strangely unstable.
You feel the power of the Abyss delaying your translocation!
The efreet attacks as you move away! You block the efreet's attack.
The small abomination attacks as you move away!
The small abomination hits you but does no damage.
The small abomination attacks as you move away!
The small abomination hits you.
* * * LOW HITPOINT WARNING * * *
Casting: Call Imp (safe; 2% risk of failure)
Confirm with . or Enter, or press ? or * to list all spells.
The small abomination hits you!
* * * LOW HITPOINT WARNING * * *
You block the small abomination's attack.
Unknown command.
The small abomination attacks as you move away!
The small abomination hits you!
* * * LOW HITPOINT WARNING * * *
The small abomination attacks as you move away!
You block the small abomination's attack.
The small abomination hits you!
You die...

## ..## ## . ...# .
. . #§ .#....# #. .
. .. ##.#####..#.##.
##...
#.#...#.#.....#. #~.
.
..#..#..#..##.##...#
#.##r.#. ##.......#
##x#....4R..#..#
##@#..#.#q°...#
#.......#..##. ##..
# #.###.#.##..#.# §
#....#..#..# .§
###.##.##### ..
######. .. .. #


You could see a small abomination (ally target) and a friendly quokka
(summoned).

Vanquished Creatures
  Erica (D:8)
  An orc knight (Bailey)
  Maurice (D:8)
  An elephant (D:8)
  Joseph (D:8)
  A troll (D:9)
  A shadow (D:9)
  A wyvern (D:8)
  A vampire (D:8)
  11 yaks
  A steam dragon (D:6)
  Menkaure (D:5)
  Edmund (D:5)
  An acid dragon (D:9)
  A water moccasin (D:6)
  10 orc warriors
  2 sky beasts (D:7)
  2 black bears (D:8)
  4 centaurs
  A kobold brigand (D:7)
  A phantom (D:5)
  2 scorpions
  2 wights (D:9)
  7 killer bees
  2 howler monkeys (D:9)
  An electric eel (D:6)
  5 hounds
  2 gnoll boudas
  5 iguanas
  3 orc wizards
  A mummy (D:7)
  8 adders
  6 gnolls
  A shadow imp (D:6)
  An ufetubus (D:5)
  A worm (D:3)
  A dart slug (D:2)
  29 orcs
  5 endoplasms
  13 giant cockroaches (D:2)
  5 hobgoblins
  7 jackals
  18 kobolds
  3 quokkas
  5 ball pythons
  6 bats
  10 goblins
  6 rats
200 creatures vanquished.

Vanquished Creatures (collateral kills)
  A shadow wraith (Abyss:1)
  A smoke demon (Abyss:1)
  A troll (D:9)
  2 wyverns
  2 yaks (D:9)
  An orc warrior (D:6)
  An ogre (D:5)
  A centaur (D:9)
  A kobold brigand (D:9)
  A scorpion (D:7)
  A bullfrog (D:8)
  A wight (D:9)
  2 howler monkeys (D:9)
  A jelly (D:5)
  3 hounds
  An orc priest (D:8)
  An iguana (D:7)
  An orc wizard (D:8)
  4 gnolls
  An adder (D:5)
  A white imp (Abyss:1)
  5 orcs
  2 bats (D:3)
  A kobold (D:9)
  2 quokkas (D:5)
  2 ball pythons
  3 frilled lizards
44 creatures vanquished.

Vanquished Creatures (others)
  A black bear (D:6)
  2 ancestors
  2 battlemagi (Abyss:1)
5 creatures vanquished.

Grand Total: 249 creatures vanquished

Notes
Turn   | Place    | Note
-------+----------+-------------------------------------------
     0 | D:1      | night the Troll Summoner began the quest for the Orb.
     0 | D:1      | Reached XP level 1. HP: 16/16 MP: 1/1
    26 | D:1      | Upgraded the game from 0.31-a0-83-gbff143cfd1 to
                  | 0.31-a0-95-g6fa058ef04
   243 | D:1      | Reached XP level 2. HP: 24/24 MP: 3/3
   246 | D:1      | Learned a level 2 spell: Call Imp
   445 | D:1      | Reached skill level 1 in Unarmed Combat
   910 | D:2      | Reached XP level 3. HP: 23/31 MP: 1/4
  1658 | D:3      | Found a faded altar of an unknown god.
  1674 | D:3      | Reached skill level 2 in Unarmed Combat
  1684 | D:3      | Identified the +6 mace of Miboteokk {drain, rN+ rCorr SInv}
  1725 | D:3      | Reached XP level 4. HP: 39/39 MP: 1/5
  1869 | D:3      | Found Laisuq's Jewellery Shoppe.
  1872 | D:3      | Found Iciusa Naesch's General Store.
  1977 | D:3      | Learned a level 3 spell: Call Canine Familiar
  2055 | D:3      | Found Pofit's Jewellery Shop.
  2152 | D:3      | Reached skill level 2 in Spellcasting
  2241 | D:3      | Found Libami's Jewellery Shop.
  2508 | D:4      | Reached XP level 5. HP: 28/45 MP: 1/7
  2568 | D:4      | Reached skill level 3 in Unarmed Combat
  2858 | D:4      | Found a glowing golden altar of the Shining One.
  2900 | D:4      | Reached XP level 6. HP: 53/53 MP: 8/8
  3465 | D:5      | Entered Level 5 of the Dungeon
  3683 | D:5      | Reached skill level 4 in Unarmed Combat
  3899 | D:5      | Reached XP level 7. HP: 59/59 MP: 6/10
  4112 | D:5      | Reached skill level 5 in Unarmed Combat
  4301 | D:5      | Noticed Edmund
  4343 | D:5      | Killed Edmund
  4344 | D:5      | Reached skill level 5 in Summonings
  4344 | D:5      | Reached XP level 8. HP: 38/67 MP: 4/12
  4483 | D:5      | Found Rayguydd's Armour Shop.
  4492 | D:5      | Noticed Menkaure
  4503 | D:5      | Killed Menkaure
  4641 | D:6      | Found a staircase to the Ecumenical Temple.
  4659 | D:6      | Reached skill level 6 in Unarmed Combat
  4803 | Temple   | Entered the Ecumenical Temple
  4923 | Temple   | Became a worshipper of Hepliaklqana the Forgotten
  5208 | D:6      | HP: 8/67 [orc warrior/+0 battleaxe (14)]
  5397 | D:6      | Identified the +0 ring mail "Nean" {Will+}
  5505 | D:6      | Identified a scroll of acquirement
  5505 | D:6      | Acquired 1239 gold pieces
  5575 | D:3      | Bought a +4 ring of protection for 432 gold pieces
  5592 | D:3      | Bought a +5 ring of evasion for 432 gold pieces
  5592 | D:3      | Bought an amulet of reflection for 360 gold pieces
  5687 | D:7      | Found a flagged portal.
  5708 | Bailey   | Entered a bailey
  5827 | Bailey   | Reached XP level 9. HP: 65/74 MP: 9/14
  5893 | Bailey   | Reached skill level 7 in Unarmed Combat
  6030 | Bailey   | Identified the staff of air "Vohyrec" {rElec rCorr MP+9
                  | Str-5 SInv}
  6031 | Bailey   | Identified the +1 pair of boots of Focus {Harm}
  6038 | Bailey   | Noticed an orc knight
  6134 | Bailey   | Killed an orc knight
  6135 | Bailey   | Reached skill level 5 in Spellcasting
  6298 | D:7      | Reached skill level 8 in Unarmed Combat
  6299 | D:7      | Upgraded the game from 0.31-a0-95-g6fa058ef04 to
                  | 0.31-a0-102-g33a4ccc0cb
  6356 | D:7      | Found a snail-covered altar of Cheibriados.
  6634 | D:7      | Reached XP level 10. HP: 81/81 MP: 11/17
  7065 | D:7      | Reached * piety under Hepliaklqana
  7128 | D:8      | Found a staircase to the Lair.
  7128 | D:8      | Noticed an elephant
  7161 | D:8      | Killed an elephant
  7347 | D:8      | Identified the +1 ring mail of the Turtledove {Regen+ SInv}
  7412 | D:8      | Noticed Joseph
  7428 | D:8      | Killed Joseph
  7429 | D:8      | Reached skill level 9 in Unarmed Combat
  7566 | D:8      | Noticed Erica
  7577 | D:8      | HP: 7/72 [Erica/lance of force (26)]
  7581 | D:8      | HP: 3/72 [gnoll bouda/+0 club (2)]
  7654 | D:8      | Killed Erica
  7774 | D:8      | Identified the +7 mace "Mecs" {freeze, *Slow rC+ Str+2
                  | Dex+4}
  7826 | D:8      | Noticed Maurice
  7850 | D:8      | Killed Maurice
  7907 | D:8      | Found a runed translucent door.
  7907 | D:8      | Noticed pk666's ghost (novice DEFE)
  7907 | D:8      | Noticed a gargoyle
  8490 | D:9      | Reached skill level 10 in Unarmed Combat
  8490 | D:9      | Reached XP level 11. HP: 76/79 MP: 12/19
  8502 | D:9      | Learned a level 3 spell: Summon Guardian Golem
  8507 | D:9      | Learned a level 4 spell: Olgreb's Toxic Radiance
  8852 | D:9      | Reached ** piety under Hepliaklqana
  8858 | D:9      | Remembered your ancestor Meatball as a battlemage
  8896 | D:9      | Reached skill level 1 in Poison Magic
  8903 | D:9      | Reached skill level 1 in Hexes
  9169 | D:10     | Entered Level 10 of the Dungeon
  9190 | D:10     | Noticed Erolcha
  9200 | Abyss:1  | Cast into level 1 of the Abyss (Erolcha)
  9258 | Abyss:1  | Noticed a large abomination
  9438 | Abyss:1  | Killed a shadow wraith
  9439 | Abyss:1  | Reached skill level 1 in Invocations
  9465 | Abyss:1  | Noticed a red draconian scorcher
  9486 | Abyss:1  | HP: 6/79 [small abomination (8)]
  9489 | Abyss:1  | Slain by a small abomination

Illustrated notes

Levels and vault maps discovered:
D:1:      pf_arrival_petrified_forest, layout_basic
D:2:      minmay_roachtagon, layout_basic
D:3:      layout_basic, serial_shops, nicolae_shop_pleasant_corner_grove, shop,
          nicolae_shop_tiny_waterfront, shop_statue,
          chequers_ecumenical_altar_simple_redux
D:4:      wad_river_or_something, layout_loops_ring, tso_altar
D:5:      minmay_recursive_quarters, layout_rooms, serial_shops,
          nicolae_shop_advertising_works [nicolae_subvault_shop_adworks],
          kennysheep_opposing_triangles, uniq_menkaure, uniq_edmund
D:6:      layout_rooms, minmay_temple_entry_slanted, minivault_4
D:7:      layout_loops_ring, slow_altar_1, enter_bailey_3, patterned_corridor
D:8:      layout_loops_corners, david_lair_generic, ebering_ghost_inner_flame,
          uniq_erica, uniq_joseph, uniq_maurice
D:9:      layout_cross, minmay_fractal_squares_gapless_5
D:10:     layout_loops_ring, minmay_overflow_temple_star_quad,
          dk_yredelemnul_ordeal, hellmonk_guarded_unrand_sphere_of_battle,
          uniq_maggie, uniq_erolcha, uniq_josephine
Temple:   minmay_temple_bridge_d
Abyss:1:  base: D:8, hangedman_abyss_or_decor_slice, base:
D:8

Skill      XL: |  1  2  3  4  5  6  7  8  9 10 11 |
---------------+----------------------------------+-----
Summonings     | 3 4 5 6 7 8 |  8.2
Unarmed Combat | 1 2 3 4 5 6 8 10 | 10.4
Spellcasting   | 2 3 4 5 6 |  6.7
Poison Magic   | 1 |  1.5
Hexes          | 1 |  1.4
Invocations    | 1 |  1.3
Dodging        | |  1.5
Stealth        | |  1.0

Action                     |  1- 3 |  4- 6 |  7- 9 | 10-12 || total
---------------------------+-------+-------+-------+-------++-------
  Melee: Unarmed           |   116 |   151 |   331 |   231 ||   829
         Punch             |     1 |     4 |     2 |       ||     7
   Cast: Summon Small Mamm |     8 |     3 |    10 |     6 ||    27
         Call Imp          |     9 |     7 |    21 |    17 ||    54
         Call Canine Famil |       |    11 |    22 |    15 ||    48
 Invoke: Ancestor Identity |       |       |       |     1 ||     1
         Recall Ancestor   |       |       |       |     1 ||     1
         Ancestor Life: Ba |       |       |       |     1 ||     1
  Evoke: Wand              |       |       |     1 |     1 ||     2
    Use: Scroll            |       |     5 |     6 |     6 ||    17
         Potion            |       |       |     5 |       ||     5
   Stab: Sleeping          |     2 |     2 |       |       ||     4
         Distracted        |       |       |     4 |     8 ||    12
 Armour: Robe              |    40 |    54 |    31 |       ||   125
         Steam dragon scal |       |       |    60 |    55 ||   115
         Troll leather arm |       |       |       |     3 ||     3
  Dodge: Dodged            |    53 |    85 |   142 |    95 ||   375
  Block: Kite shield       |       |       |   117 |   125 ||   242
         Reflection        |       |       |     1 |     7 ||     8

Table legend: (Time is in decaauts)
 A = Elapsed time spent in this place.
 B = Non-inter-level travel time spent in this place.
 C = Inter-level travel time spent in this place.
 D = Time resting spent in this place.
 E = Time spent auto-exploring this place.
 F = Levels seen in this place.
 G = Mean time per level.
                   A        B        C        D        E       F      G
               +--------+--------+--------+--------+--------+-----+--------+
         Total |   9475 |   8941 |    534 |    188 |   6323 |  13 |  728.8 |
       Dungeon |   8432 |   7997 |    435 |    131 |   6086 |  10 |  843.2 |
        Temple |    193 |     94 |     99 |      0 |     62 |   1 |  193.0 |
         Abyss |    289 |    289 |      0 |      0 |     24 |   1 |  289.0 |
        Bailey |    560 |    560 |      0 |     57 |    151 |   1 |  560.0 |
               +--------+--------+--------+--------+--------+-----+--------+

Top non-repeatable levels by time:
     D:8: 1247 daAuts
     D:5: 1140 daAuts
     D:3: 1026 daAuts
     D:4: 994 daAuts
     D:7: 912 daAuts
     D:1: 825 daAuts
     D:9: 804 daAuts
     D:6: 759 daAuts
     D:2: 691 daAuts
  Bailey: 560 daAuts
 Abyss:1: 289 daAuts
  Temple: 193 daAuts
    D:10: 30 daAuts
